 Dungeon Crawl Stone Soup version 0.22.1-1-ga44c0e56f4 (webtiles) character file.

28063 Gargoyl the Protected (level 13, 0/111 HPs)
             Began as a Centaur Abyssal Knight on Sept 26, 2018.
             Was an Elder of Lugonu.
             Succumbed to a spiny frog's poison
             ... on level 5 of the Lair of Beasts.
             The game lasted 00:24:51 (20548 turns).

Gargoyl the Protected (Centaur Abyssal Knight)     Turns: 20548, Time: 00:24:51

Health: 0/111      AC: 21    Str: 20    XL:     13   Next: 7%
Magic:  20/20      EV:  7    Int: 14    God:    Lugonu [****..]
Gold:   876        SH:  0    Dex: 12    Spells: 12/12 levels left

rFire    + . .     SeeInvis .   p - +3 hand axe (venom)
rCold    + . .     Gourm    .   (no shield)
rNeg     + + .     Faith    .   d - +1 chain mail of Creativity {rN+ MR+ Int+3}
rPois    .         Spirit   .   D - +1 helmet
rElec    +         Reflect  .   b - scarf {rC+ rF+}
rCorr    .         Harm     .   j - +2 pair of gloves
MR       +....                  (no barding)
Stlth    ..........             w - amulet of the acrobat
HPRegen  0.28/turn              z - +3 ring of strength
MPRegen  0.17/turn              q - ring of Tulirr {rElec rN+ AC+3}

@: lethally poisoned (0 -> -27), very quick
A: large, hooves 3, deformed body, speed 2, tough skin 3
a: Depart the Abyss, Bend Space, Banish, Corrupt, Renounce Religion


You were on level 5 of the Lair of Beasts.
You worshipped Lugonu.
Lugonu was greatly pleased with you.
You were very hungry.

You visited 2 branches of the dungeon, and saw 15 of its levels.
You visited the Abyss 1 time.

You collected 876 gold pieces.

Inventory:

Hand Weapons
 a - a +1 hand axe
 h - a +5 whip of electrocution
 p - a +3 hand axe of venom (weapon)
Missiles
 B - 6 javelins (quivered)
Armour
 b - a scarf of resistance (worn)
 d - the +1 chain mail of Creativity (worn) {rN+ MR+ Int+3}
   (You found it on level 2 of the Abyss)

   It affects your intelligence (+3).
   It protects you from negative energy.
   It affects your resistance to hostile enchantments.
 j - a +2 pair of gloves (worn)
 D - a +1 helmet (worn)
Jewellery
 q - the ring of Tulirr (right hand) {rElec rN+ AC+3}
   (You found it on level 5 of the Dungeon)

   [ring of protection]

   It affects your AC (+3).
   It insulates you from electricity.
   It protects you from negative energy.
 w - an amulet of the acrobat (around neck)
 z - a +3 ring of strength (left hand)
 G - an uncursed ring of ice
Wands
 i - a wand of paralysis (14)
 o - a wand of iceblast (6)
 u - a wand of polymorph (20)
 v - a wand of flame (54)
 y - a wand of random effects (25)
 C - a wand of clouds (5)
 E - a wand of scattershot (5)
Scrolls
 e - 7 scrolls of remove curse
 g - 3 scrolls of identify
 k - 3 scrolls of fog
 r - 6 scrolls of amnesia
 J - 2 scrolls of magic mapping
 K - 3 scrolls of teleportation
Potions
 f - a potion of lignification
 l - 2 potions of ambrosia
 m - 5 potions of heal wounds
 n - 3 potions of magic
 t - a potion of might
 x - 6 potions of curing
 A - 3 potions of haste
 F - a potion of mutation {unknown}
 H - a potion of berserk rage {unknown}
 I - a potion of brilliance {unknown}
Comestibles
 c - 21 rations


   Skills:
 + Level 9.0 Fighting
 + Level 8.4(9.5) Axes
 + Level 6.7(8.6) Maces & Flails
 * Level 11.1 Armour
 + Level 2.6 Dodging
 * Level 10.0 Invocations
 + Level 1.5 Evocations


You had 12 spell levels left.
You didn't know any spells.
Your spell library contained the following spells:

 Spells                   Type           Power        Failure   Level  Hunger
 Confusing Touch          Hex            #.....       88%         1    ##.....
 Shock                    Conj/Air       #...         88%         1    ##.....
 Swiftness                Chrm/Air       #.......     96%         2    ###....
 Confuse                  Hex            #.......     99%         3    ####...
 Gell's Gravitas          Tloc           #.........   99%         3    ####...
 Static Discharge         Conj/Air       #.......     99%         3    ####...
 Airstrike                Air            #.........   100%        4    #####..
 Petrify                  Tmut/Erth      #.......     100%        4    #####..
 Lightning Bolt           Conj/Air       #.........   100%        5    ######.
 Metabolic Englaciation   Hex/Ice        #.........   100%        5    ######.
 Yara's Violent Unravell  Hex/Tmut       #.........   100%        5    ######.


Dungeon Overview and Level Annotations

Branches:
Dungeon (9/15)             Temple (0/1) D:5            Lair (6/6) D:9
  Swamp (0/4) Lair:2       Spider (0/4) Lair:2        Slime (0/5) Lair:5
    Orc: D:9-12

Altars:
Okawaru
Uskayaw
Zin
Jiyva


Innate Abilities, Weirdness & Mutations

You have hooves in place of feet.
Armour fits poorly on your strangely shaped body.
You cover ground very quickly.
You have extremely tough skin. (AC +3)


Message History

You kick the spiny frog.
You kill the spiny frog!
Lugonu accepts your kill.
You barely miss the spiny frog.
You feel sick. The spiny frog barely misses you.
You hit the spiny frog but do no damage.
The spiny frog is lightly wounded.
You feel sick. The spiny frog stings you!
* * * LOW HITPOINT WARNING * * *
You are lethally poisoned!
The spiny frog poisons you!
You barely miss the spiny frog.
The spiny frog is lightly wounded.
* * * LOW HITPOINT WARNING * * *
You feel sick. The spiny frog stings you!
* * * LOW HITPOINT WARNING * * *
You hit the spiny frog but do no damage.
Your kick misses the spiny frog.
The spiny frog is lightly wounded.
You die...

...........................P#
..........................P##
...........................#
.P...P....................##
.P#.#..P.#.................#
..#......#.......#...#....P#
..................#.###....#
..........................##
.P..............@..........#
..#......#.....F...........#
.........#................##
..#...#..#.......#...###..##
........##P........###.#...#
...........................#
..........................P#
...........................#
...........................#


You could see a spiny frog.

Vanquished Creatures
  Gastronok (D:9)
  Snorg (Lair:3)
  Fannar (Lair:2)
  2 hydras
  Erica (D:8)
  Urug (Lair:4)
  A two-headed ogre (D:8)
  Pikel (D:8)
  10 elephants
  A black mamba (Lair:4)
  10 spiny frogs
  A rime drake (Lair:4)
  3 komodo dragons
  Grinder (D:6)
  A polar bear (Lair:5)
  7 hippogriffs
  A bog body (Lair:2)
  4 dream sheep (Lair:5)
  3 blink frogs (Lair:5)
  Sigmund (D:5)
  A wyvern (Lair:5)
  23 yaks
  Grum (D:8)
  A hungry ghost (D:9)
  Edmund (D:6)
  3 swamp worms (Lair:2)
  6 water moccasins
  5 porcupines
  2 ogres (D:7)
  A phantom (D:5)
  2 sky beasts
  4 black bears
  11 wolves
  3 centaurs (D:7)
  6 crocodiles
  Blork the orc (D:5)
  2 big kobolds
  9 bullfrogs
  A water moccasin zombie (D:7)
  A wyvern skeleton (D:8)
  A scorpion (D:7)
  3 howler monkeys
  2 electric eels
  A jelly (D:7)
  A crimson imp (D:8)
  A bullfrog zombie (D:7)
  2 quasits
  A hound (D:6)
  2 orc priests (D:5)
  2 centaur skeletons
  8 orc wizards
  3 bullfrog skeletons
  Jessica (D:2)
  2 iguanas
  Ijyb (D:3)
  6 worker ants
  A killer bee zombie (D:6)
  A hound skeleton (D:9)
  2 worker ant zombies
  9 adders
  3 gnolls (D:7)
  A howler monkey skeleton (D:8)
  An ooze (D:4)
  3 adder skeletons
  2 worms
  A dart slug (D:2)
  5 leopard geckos
  15 orcs
  6 giant cockroaches
  9 goblins
  8 hobgoblins
  14 jackals
  11 kobolds
  4 quokkas
  2 ball pythons (D:3)
  A ball python skeleton (D:7)
  6 bats
  6 frilled lizards
  A leopard gecko zombie (D:7)
  7 rats
  A fungus (Lair:5)
  A plant (Lair:5)
294 creatures vanquished.

Vanquished Creatures (others)
  A hydra (Lair:2)
  2 slaves (D:8)
  A bullfrog skeleton (D:8)
  A quokka skeleton (D:8)
  7 fungi
  4 plants
16 creatures vanquished.

Grand Total: 310 creatures vanquished

Notes
Turn   | Place    | Note
-------+----------+-------------------------------------------
     0 | Abyss:1  | Gargoyl the Centaur Abyssal Knight began the quest for the
                  | Orb.
     0 | Abyss:1  | Reached XP level 1. HP: 19/19 MP: 2/2
   114 | Abyss:2  | Noticed a small abomination
   139 | Abyss:2  | Noticed a freezing wraith
   147 | Abyss:2  | Noticed a wretched star
   151 | Abyss:2  | Got a shimmering chain mail
   152 | D:1      | Escaped the Abyss
   163 | D:1      | Identified the +1 chain mail of Creativity {rN+ MR+ Int+3}
                  | (You found it on level 2 of the Abyss)
   318 | D:1      | Reached XP level 2. HP: 20/20 MP: 2/2
   543 | D:1      | Reached * piety under Lugonu
   864 | D:2      | Reached XP level 3. HP: 24/24 MP: 3/3
   879 | D:2      | Reached skill level 2 in Armour
  1344 | D:2      | Found a glowing silver altar of Zin.
  1392 | D:2      | Noticed Jessica
  1399 | D:2      | Reached XP level 4. HP: 28/31 MP: 4/4
  1407 | D:2      | Killed Jessica
  2667 | D:3      | Reached XP level 5. HP: 14/36 MP: 6/6
  2670 | D:2      | HP: 1/36 [poisoned by an orc wizard]
  2677 | D:2      | Reached skill level 1 in Maces & Flails
  3058 | D:3      | Noticed Ijyb
  3065 | D:3      | Reached ** piety under Lugonu
  3076 | D:3      | Killed Ijyb
  3076 | D:3      | Reached skill level 3 in Armour
  3865 | D:4      | Reached XP level 6. HP: 37/41 MP: 7/7
  4466 | D:5      | Entered Level 5 of the Dungeon
  4528 | D:5      | Reached skill level 1 in Dodging
  4890 | D:5      | Reached skill level 4 in Armour
  5053 | D:5      | Found an iron altar of Okawaru.
  5084 | D:5      | Reached XP level 7. HP: 47/47 MP: 9/9
  5171 | D:5      | Noticed Blork the orc
  5179 | D:5      | Got an ancient ivory ring
  5180 | D:5      | Identified the ring of Tulirr {rElec rN+ AC+3} (You found
                  | it on level 5 of the Dungeon)
  5195 | D:5      | Killed Blork the orc
  5575 | D:5      | Noticed Sigmund
  5580 | D:5      | Killed Sigmund
  5623 | D:5      | Found a staircase to the Ecumenical Temple.
  6028 | D:6      | Noticed Grinder
  6031 | D:6      | Reached XP level 8. HP: 44/52 MP: 11/11
  6077 | D:5      | Reached skill level 5 in Armour
  6113 | D:6      | Killed Grinder
  6236 | D:6      | Noticed Edmund
  6262 | D:6      | Killed Edmund
  6262 | D:6      | Reached *** piety under Lugonu
  6948 | D:7      | Reached skill level 5 in Invocations
  7238 | D:7      | Reached skill level 6 in Armour
  7369 | D:7      | Reached skill level 5 in Fighting
  7489 | D:7      | Reached XP level 9. HP: 61/74 MP: 13/13
  8071 | D:8      | Reached skill level 5 in Maces & Flails
  8150 | D:8      | Got a translucent leather armour
  8172 | D:8      | Identified the +4 leather armour "Bizxidus" {rElec Int+2}
                  | (You found it on level 8 of the Dungeon)
  8257 | D:8      | Noticed Erica
  8269 | D:8      | Killed Erica
  8657 | D:8      | Reached skill level 7 in Armour
  8679 | D:8      | Noticed Pikel
  8687 | D:8      | Killed Pikel
  8687 | D:8      | Reached XP level 10. HP: 83/83 MP: 13/15
  8723 | D:8      | Reached **** piety under Lugonu
  8796 | D:8      | Noticed Grum
  8809 | D:8      | Killed Grum
  8960 | D:8      | Noticed a two-headed ogre
  8988 | D:8      | Killed a two-headed ogre
  9671 | D:9      | Noticed Gastronok
  9690 | D:9      | Killed Gastronok
  9690 | D:9      | Reached skill level 5 in Axes
  9690 | D:9      | Reached skill level 8 in Armour
  9690 | D:9      | Reached skill level 1 in Evocations
 10080 | D:9      | Found a hide-covered altar of Uskayaw.
 10167 | D:9      | Reached XP level 11. HP: 91/91 MP: 16/16
 10221 | D:9      | Found a staircase to the Lair.
 10636 | Lair:1   | Entered Level 1 of the Lair of Beasts
 11299 | Lair:2   | Noticed a six-headed hydra
 11308 | Lair:2   | Killed a six-headed hydra
 11857 | Lair:2   | Reached skill level 9 in Armour
 12635 | Lair:2   | Noticed an eight-headed hydra
 12639 | Lair:2   | Banished an eight-headed hydra
 12646 | Lair:2   | Found a hole to the Spider Nest.
 12763 | Lair:2   | Noticed Fannar
 12797 | Lair:2   | Killed Fannar
 13667 | Lair:2   | Found a staircase to the Swamp.
 14363 | Lair:3   | Reached XP level 12. HP: 53/101 MP: 18/18
 15043 | Lair:3   | Noticed Snorg
 15105 | Lair:3   | Killed Snorg
 15999 | Lair:4   | Noticed a four-headed hydra
 16038 | Lair:4   | Noticed Urug
 16268 | Lair:3   | Reached skill level 10 in Armour
 17199 | Lair:4   | Killed Urug
 17706 | Lair:4   | Killed a four-headed hydra
 19084 | Lair:5   | Reached skill level 11 in Armour
 19469 | Lair:5   | Reached XP level 13. HP: 104/111 MP: 20/20
 19540 | Lair:5   | Found a staircase to the Slime Pits.
 19541 | Lair:5   | Found a viscous altar of Jiyva.
 19574 | Lair:5   | Reached skill level 10 in Invocations
 20530 | Lair:6   | Entered Level 6 of the Lair of Beasts
 20547 | Lair:5   | HP: 2/111 [spiny frog (10)]
 20548 | Lair:5   | Succumbed to a spiny frog's poison

Skill      XL: |  1  2  3  4  5  6  7  8  9 10 11 12 13 |
---------------+----------------------------------------+-----
Axes           | 2 3 5 6 8 |  8.4
Armour         | 2 3 4 6 7 8 9 11 | 11.1
Maces & Flails | 1 3 4 5 6 |  6.7
Invocations    | 3 4 5 6 7 9 10 | 10.0
Dodging        | 1 2 |  2.6
Fighting       | 4 5 6 8 9 |  9.0
Evocations     | 1 |  1.5

Action                   |  1- 3 |  4- 6 |  7- 9 | 10-12 | 13-15 || total
-------------------------+-------+-------+-------+-------+-------++-------
Melee: Hand axe          |    61 |    44 |    53 |   498 |    44 ||   700
       Kick              |    18 |    29 |    78 |   247 |    13 ||   385
       Whip              |    66 |   120 |   254 |   138 |       ||   578
Throw: Javelin           |       |       |       |     1 |       ||     1
Invok: Depart the Abyss  |     1 |       |       |       |       ||     1
       Banish            |       |       |       |     1 |       ||     1
       Bend Space        |       |       |       |     3 |       ||     3
Evoke: Wand              |       |       |     4 |    10 |       ||    14
  Use: Scroll            |     5 |     4 |     6 |    12 |       ||    27
       Potion            |     1 |     4 |     1 |     3 |       ||     9
 Stab: Confused          |       |       |       |     1 |       ||     1
  Eat: Chunk             |     1 |     6 |    10 |    15 |     2 ||    34
       Ration            |       |     1 |       |     5 |       ||     6
Armor: Chain mail        |   108 |   190 |   242 |   486 |    24 ||  1050
Dodge: Dodged            |    29 |    37 |    66 |   263 |    18 ||   413
